Cogmind - Beta 16.1 @@@ ROGUE MODE // 2026.03.15 @ 09:57:26 Player: ToBeDefined Result: Destroyed by D-53 Grenadier with Mini Grenade Launcher Performance ------------- Evolutions (0) 0 Regions Visited (2) 400 Robots Destroyed (37) 185 Value Destroyed (691) 691 Prototype IDs (0) 0 Alien Tech Used (0) 0 Bonus (0) 0 TOTAL SCORE: 1276 Bonus ------- None Cogmind --------- Core Integrity 0/250 Matter 274/300 Energy 100/100 System Corruption 6% Temperature Cool (0) Movement Core (800) Ox15 Location -10/Mines Parts ------- > --- POWER (1) -------- (None) > --- PROPULSION (2) --- (None) > --- UTILITY (2) ------ High-capacity Storage Unit > --- WEAPON (2) ------- Improved Light Cannon Improved Light Cannon > --- INVENTORY (20) --- Improved Ion Engine Improved Ion Engine Wheel Huge Storage Unit High-capacity Matter Pod (200) Hardened Light Armor Plating Hardened Light Armor Plating Hardened Light Armor Plating Beam Cannon Light Assault Rifle Light Assault Rifle Light Assault Rifle Improved Light Cannon Improved Light Cannon Rocket Launcher Maul Peak State ------------ > --- POWER ------------ Light Nuclear Core > --- PROPULSION ------- Wheel > --- UTILITY ---------- Medium Storage Unit Improved Terrain Scanner > --- WEAPON ----------- Beam Rifle Maul > --- INVENTORY -------- Improved Ion Engine Improved Ion Engine Improved Ion Engine Wheel Beam Rifle Beam Rifle Beam Rifle Light Assault Rifle [Rating: 13] Favorites ----------- Power Improved Ion Engine Engine Improved Ion Engine Power Core Light Nuclear Core Propulsion Wheel Treads Light Treads Wheel Wheel Flight Unit Flight Unit Utility Improved Terrain Scanner Device Improved Terrain Scanner Storage Medium Storage Unit Protection Hardened Light Armor Plating Weapon Light Assault Rifle Energy Gun Beam Rifle Ballistic Gun Light Assault Rifle Ballistic Cannon Improved Light Cannon Impact Weapon Maul Build | -11 -10 -10 ------- Run | Yrd Mat Min Slots Evolved . | . . . Power . | . . . Propulsion . | . . . Utility . | . . . Weapon . | . . . Parts Attached 35 | 8 24 3 Power 6 | 2 3 1 Engine 4 | 2 2 . Core 2 | . 1 1 Reactor . | . . . Propulsion 12 | 2 10 . Treads 2 | . 2 . Leg . | . . . Wheel 9 | 2 7 . Hover . | . . . Flight 1 | . 1 . Utility 8 | 2 6 . Device 2 | 2 . . Storage 4 | . 4 . Processor . | . . . Hackware . | . . . Protection 2 | . 2 . Artifact . | . . . Weapon 9 | 2 5 2 Energy Gun 2 | . 2 . Energy Cannon . | . . . Ballistic Gun 4 | 2 2 . Ballistic Cannon 2 | . . 2 Launcher . | . . . Special Weapon . | . . . Impact Weapon 1 | . 1 . Slashing Weapon . | . . . Piercing Weapon . | . . . Special Melee Weapon . | . . . Unidentified Prototypes . | . . . Corrupted Parts 1 | . 1 . System Corruption 6 | . 6 . Parts Lost 9 | . 5 4 Power 2 | . 1 1 Propulsion 5 | . 3 2 Utility 1 | . . 1 Weapon 1 | . 1 . Highest Loss Streak 4 | . 4 4 To Critical Strikes 1 | . 1 . Average Backups 9 | 4 11 16 Power 1 | . 2 2 Propulsion 1 | 1 . 1 Utility 2 | . 3 5 Weapon 4 | 1 5 8 Tool/Special . | . . . Unused Backups 21 | 3 7 11 Power 2 | . 1 1 Propulsion 2 | 2 . . Utility 8 | . 3 5 Weapon 9 | 1 3 5 Tool/Special . | . . . Average Slot Usage (%) 97 | . 97 98 Engine 12 | . 13 3 Core 1 | . . 10 Treads 11 | . 10 26 Wheel 15 | . 16 . Device 3 | . 3 . Storage 13 | . 13 14 Protection 11 | . 11 14 Energy Gun 8 | . 8 . Ballistic Gun 17 | . 16 28 Impact Weapon 2 | . 2 . Peak Build Rating 13 | 9 13 12 Average Rating 10 | 8 10 11 On Entrance 6 | . 9 11 Avg Prop Armor Cover (%) 6 | . 6 . Naked Turns . | . . . Heaviest Build 54 | 10 54 54 Greatest Support 40 | 20 40 40 Greatest Overweight (x) 2 | . 2 1 Average Overweight (x) . | . 1 1 Largest Inventory Capacity 20 | 5 20 20 Average Capacity 11 | 5 14 20 Most Carried 16 | 5 16 16 Average Carried 9 | 4 12 16 Final Capacity 20 | 5 20 20 Final Carried 16 | 5 16 16 Class Distribution -------------------- 97% | Mutant Dominant Class ---------------- Mutant | -10/Materials Scavenger-Mutant | -10/Mines Resources | -11 -10 -10 ----------- Run | Yrd Mat Min Matter Collected 980 | 331 623 26 Remotely . | . . . Salvage Created 1105 | 111 896 98 Parts 73 | 14 55 4 Haulers Intercepted 2 | . 2 . Recyclers Shooed . | . . . Parts Field Recycled . | . . . Retrieved Matter . | . . . Parts Self-Destructed . | . . . Prevented . | . . . Parts Restored . | . . . Kills | -11 -10 -10 ------- Run | Yrd Mat Min Combat Hostiles Destroyed 19 | 1 16 2 Melee 3 | . 3 . Guns 12 | 1 9 2 AOE 2 | . 2 . Classes Destroyed 8 | 3 5 . Worker 5 | 1 4 . Tunneler 5 | 2 3 . Hauler 2 | . 2 . Recycler 1 | . 1 . Operator 2 | . 2 . Watcher 3 | . 3 . Swarmer 6 | . 6 . Grunt 13 | 1 10 2 Best Kill Streak 5 | 2 5 2 Combat Bots Only 4 | 1 4 2 Max Kills in Single Turn 3 | 1 3 1 Gunslinging . | . . . Exploded 2 | . 2 . Melee 1 | . 1 . Uniques/NPCs Destroyed . | . . . Combat | -11 -10 -10 -------- Run | Yrd Mat Min Hostile Shots Fired 120 | 6 80 34 Missed 25 | 2 16 7 Hits 95 | 4 64 27 Projectile 95 | 4 64 27 AOE 17 | . . 17 Critical Strikes 1 | . 1 . Part Disruptions 1 | . 1 . Damage Taken 1501 | 47 690 764 Core 263 | . 133 130 Absorbed by Shields . | . . . Redirected to Shielding 17 | . 17 . Core Remaining (%) 100 | 100 . . Volleys Fired 118 | 11 93 14 Largest 2 | 2 2 2 Hottest 112 | 40 112 40 Shots Fired 187 | 22 138 27 Gun 187 | 22 138 27 Cannon . | . . . Launcher . | . . . Special . | . . . Kinetic 115 | 22 66 27 Thermal 72 | . 72 . Explosive . | . . . Electromagnetic . | . . . Robot Hit Streak 13 | 4 13 6 Robot Miss Streak 6 | 3 6 1 Penetration Max . | . . . Secondary Targets 2 | . 1 1 Max Gunslinging Chain 1 | . 1 1 Shots Hit Robots 130 | 12 97 21 Core Hits 57 | 6 41 10 Critical Kills . | . . . Critical Parts Destroyed 2 | . 2 . Critical Strikes 6 | . 6 . Burn 4 | . 4 . Smash 2 | . 2 . Melee Attacks 19 | . 19 . Impact 19 | . 19 . Slashing . | . . . Piercing . | . . . Sneak Attacks 2 | . 2 . Combat Hostiles 1 | . 1 . Follow-up Attacks . | . . . Damage Inflicted 2126 | 134 1824 168 Guns 1243 | 134 941 168 Cannons . | . . . Explosions 134 | . 134 . Melee 749 | . 749 . Ramming . | . . . Kinetic 650 | 134 348 168 Thermal 593 | . 593 . Explosive . | . . . Electromagnetic 134 | . 134 . Impact 749 | . 749 . Slashing . | . . . Piercing . | . . . Highest Corruption 6 | . 6 6 Average Corruption 6 | . 6 6 Corruption Purged . | . . . Corruption Blocked . | . . . Effects 30 | . 26 4 Message Errors 6 | . 5 1 Matter Fused 8 | . 6 2 Heat Flow Errors 4 | . 4 . Energy Discharges 3 | . 3 . Data Loss (minor) 6 | . 6 . Alerts 1 | . 1 . Weapon Failures 2 | . 1 1 Overload Shots . | . . . Overflow Damage 205 | . 205 . Projectiles . | . . . Explosions . | . . . Melee 205 | . 205 . Knockbacks 4 | . 4 . Impact 4 | . 4 . Kinetic . | . . . Secondary . | . . . Self-Inflicted Damage 44 | . 44 . Shots 2 | . 2 . Rammed . | . . . Targets Rammed . | . . . Kicked . | . . . Crushed . | . . . Highest Temperature 351 | 6 351 115 Average Temperature 73 | 6 78 47 Received Heat Transfer 339 | 24 228 87 Effects 3 | . 3 . Shutdowns 1 | . 1 . Interference 2 | . 2 . Siege Activations . | . . . Martial Activations . | . . . Shielding Activations . | . . . Robots Disrupted . | . . . Combat Hostiles . | . . . Robots Corrupted 3 | . 3 . Combat Hostiles 2 | . 2 . Parts Fried 5 | . 5 . Impact Corruptions 9 | . 9 . Robots Melted . | . . . Combat Hostiles . | . . . Parts Melted 2 | . 2 . Heat Transferred 1813 | . 1813 . Parts Sabotaged . | . . . Parts Stolen . | . . . Parts Stripped . | . . . Power Chain Reactions . | . . . Alert | -11 -10 -10 ------- Run | Yrd Mat Min Maximum Alert Level . | . . . Low Security (%) 100 | 100 100 100 Level 1 . | . . . Level 2 . | . . . Level 3 . | . . . Level 4 . | . . . Level 5 . | . . . High Security . | . . . Max Security . | . . . Peak Influence 119 | 20 119 40 Initial . | . . . Average 24 | . 39 17 Influence Increases 600 | 35 515 50 Destroy 0b10 Robot/C 380 | 20 320 40 Destroy 0b10 Robot/NC 90 | 15 75 . Destroy Leader 80 | . 70 10 Disable Machine 30 | . 30 . Destroy Structure 5 | . 5 . Lose Combat Pursuer 15 | . 15 . Influence Decreases 600 | 35 515 50 Time Decay 550 | 35 465 50 Lost Part 50 | . 50 . Squads Dispatched 3 | . 3 . Investigation 1 | . 1 . Extermination . | . . . Reinforcement 2 | . 2 . Assault . | . . . Garrison . | . . . Intercept . | . . . Searches Triggered . | . . . Construction Impeded . | . . . Haulers Reinforced . | . . . Active Scanning Responses . | . . . Cargo Convoy Interrupts . | . . . Stealth | -11 -10 -10 --------- Run | Yrd Mat Min Distress Signals 1 | . 1 . Communications Jammed . | . . . Distress Signals . | . . . Times Spotted 29 | 1 24 4 Peak Tracking Total 4 | 1 4 2 Tactical Retreats 1 | . 1 . Traps | -11 -10 -10 ------- Run | Yrd Mat Min Traps Triggered 3 | . 3 . Indirectly 3 | . 3 . Trap Hack Attempts . | . . . Triggered . | . . . Disarmed . | . . . Reprogrammed . | . . . Reused . | . . . Traps Extracted . | . . . Installed . | . . . Triggered . | . . . Machines | -11 -10 -10 ---------- Run | Yrd Mat Min Machines Disabled 2 | . 2 . Max in Single Turn 2 | . 2 . Machines Repaired . | . . . Machines Dismantled . | . . . Machines Sabotaged . | . . . Overloaded Fab Kills . | . . . Hacking | -11 -10 -10 --------- Run | Yrd Mat Min Machines Accessed 7 | . 7 . Terminals 4 | . 4 . Fabricators . | . . . Repair Stations 1 | . 1 . Recycling Units 2 | . 2 . Scanalyzers . | . . . Garrison Access . | . . . Total Hacks 13 | . 13 . Successful 6 | . 6 . Failed 7 | . 7 . Catastrophic 1 | . 1 . Database Lockouts . | . . . Manual . | . . . Terminals 5 | . 5 . Fabricators . | . . . Repair Stations 3 | . 3 . Recycling Units 5 | . 5 . Scanalyzers . | . . . Garrison Access . | . . . Terminal Hacks 2 | . 2 . Alert Level 2 | . 2 . Fabricator Hacks . | . . . Repair Station Hacks 1 | . 1 . Scan Component 1 | . 1 . Recycling Unit Hacks 3 | . 3 . Report Inventory 3 | . 3 . Scanalyzer . | . . . Garrison Access Hacks . | . . . Unauthorized Hacks . | . . . Terminals . | . . . Fabricators . | . . . Repair Stations . | . . . Recycling Units . | . . . Scanalyzers . | . . . Garrison Access . | . . . Data Cores Recovered . | . . . Used . | . . . Hacking Detections 5 | . 5 . Full Trace Events 1 | . 1 . Feedback Events . | . . . Feedback Blocked . | . . . Robot Schematics Acquired . | . . . Robots Built . | . . . Authchips . | . . . Time . | . . . Total Robot Build Rating . | . . . Part Schematics Acquired . | . . . Parts Built . | . . . Authchips . | . . . Time . | . . . Total Part Build Rating . | . . . Part Studies Acquired . | . . . Parts Repaired . | . . . Time . | . . . Parts Recycled . | . . . Recycled Matter . | . . . Retrieved Matter . | . . . Retrieved Components . | . . . Parts Scanalyzed . | . . . Part Schematics Acquired . | . . . Parts Damaged . | . . . Bothacking | -11 -10 -10 ------------ Run | Yrd Mat Min Used RIF Installer . | . . . Robots Hacked . | . . . Non-combat . | . . . Combat . | . . . Robot Hacks Applied . | . . . Relay Couplers Released . | . . . Fabnet Peak Effective % . | . . . Robots Rewired . | . . . Allies Hacked . | . . . Hacks Repelled . | . . . Allies | -11 -10 -10 -------- Run | Yrd Mat Min Total Allies . | . . . Largest Group . | . . . Highest-Rated Group . | . . . Highest-Rated Ally . | . . . Total Orders . | . . . Ally Attacks . | . . . Total Damage . | . . . Kills . | . . . Allies Corrupted . | . . . Allies Melted . | . . . Intel | -11 -10 -10 ------- Run | Yrd Mat Min Active Infowar (turns) 1470 | 1066 404 . Terrain 1470 | 1066 404 . Seismic 1108 | 1064 44 . Robot Analysis Total . | . . . Derelict Logs Recovered . | . . . Drone Launches . | . . . Drone Recoveries . | . . . Exploration | -11 -10 -10 ------------- Run | Yrd Mat Min Turns Passed 3246 | 1161 1961 124 Spaces Moved 1374 | 245 1095 34 Core 19 | 19 . . Treads 322 | . 288 34 Legs . | . . . Wheels 1033 | 226 807 . Hover . | . . . Flight . | . . . Fastest Speed 50 | 50 80 240 Average Speed 126 | 77 134 240 Slowest Speed 240 | 80 240 240 Overloaded Moves . | . . . Propulsion Burnouts . | . . . Robots Hopped . | . . . Potential Cave-ins . | . . . Cave-ins Triggered . | . . . Exploration Rate (%) 40 | 12 98 11 Regions Visited 2 Branch Regions 1 Pre-discovered Areas . | . . . Known Exits Taken . | . . . Unknown Exits Taken 2 | 1 1 . Scrap Searched . | . . . Spaces Dug . | . . . Terrain Destroyed . | . . . Melee . | . . . Projectile . | . . . AOE . | . . . Terrain Rammed . | . . . Walls Destroyed . | . . . Machines Disabled . | . . . Actions | -11 -10 -10 --------- Run | Yrd Mat Min Total 2671 | 1195 1424 52 Wait 1061 | 918 142 1 Move 1372 | 244 1094 34 Hop . | . . . Pick Up 35 | 9 26 . Fast Attach 9 | 7 2 . Attach 5 | . 5 . Detach . | . . . Swap 28 | 1 24 3 Drop 24 | 5 19 . Fire 118 | 11 93 14 Melee 19 | . 19 . Ram . | . . . Kick . | . . . Crush . | . . . Escape Stasis . | . . . Rewire . | . . . Trap . | . . . Miscellaneous . | . . . Route ------- -11/Scrapyard -10/Materials (discovered 6 exits: [*Mat x3] / [*Min x2] / [*Sub]) -10/Mines (discovered 1 exit: [*Mat]) History --------- Turn | Location | Event 2 | -11/Scrapyard | Met Revision 17 60 | -11/Scrapyard | Discovered new exit (range 8) 1162 | -11/Scrapyard | Entered Materials 1163 | -10/Materials | Build established: Mutant 1418 | -10/Materials | Lost 4 parts (1p2n1w) 1466 | -10/Materials | Discovered new exit (range 16) 1920 | -10/Materials | Discovered new exit (range 12) 2139 | -10/Materials | Discovered new exit (range 7) 2201 | -10/Materials | Core integrity fell below 50% 2514 | -10/Materials | Discovered new exit (range 11) 2712 | -10/Materials | Discovered new exit (range 7) 2907 | -10/Materials | Discovered new exit (range 14) 3123 | -10/Materials | Entered Mines 3144 | -10/Mines | Discovered new exit (range 8) 3147 | -10/Mines | Met a Derelict bent on vengeance 3219 | -10/Mines | Assembled infested the area 3239 | -10/Mines | Core integrity fell below 20% 3247 | -10/Mines | Destroyed by D-53 Grenadier with Mini Grenade Launcher Last Messages --------------- 03149_ Acquired Lgt. Nuclear Core. 03151_ Acquired 10 matter. 03157_ 9W3CMHPB,JJMDKXNRI%XJKU OQF P 03190_ System corrupted: Matter fused (-5). 03210_ System corrupted: Matter fused (-10). 03219_ ALERT: Infestation in the mines, dispatching Demolisher response squad. 03229_ C-45 Heavy ARC bursts open, deploying its payload. 03229_ D-53 Grenadier unfolds itself. 03233_ The unstable cave ceiling collapses. 03233_ Lgt. Treads destroyed. 03234_ System corrupted: Lgt. Assault Rifle jammed. 03238_ The unstable cave ceiling collapses. 03241_ Lgt. Treads destroyed. 03243_ The unstable cave ceiling collapses. 03245_ Hrd. Light Armor Plating destroyed. 03245_ T-07 Excavator destroyed. 03247_ Lgt. Nuclear Core destroyed. Map ----- +----------------------------------------------------+ | ?????????????????????????????????????????? | | ?????????????????????????????????????????? | | ?????????????????????????????????????????? | | ?????????????????????????????????????????? | | ????????????????????????????????#######??? | | ????????????????????????????????# [#??? | | ????????????????????????????????# %#??? | | ????????????????????????????????# %*#??? | | ????????????????????????????????# [*#??? | | ????????????????????????????????# #??? | | ????????????????????????????###?## ###??? | | ???????????????????????????## #?# #????? | | ???????????????????????????# ## #????? | | ???????????????????????????# #????? | | ???????????????????????????## < #????? | | ????????????????????????????#### ##???? | | ???????????????????????????????## ##??? | | ???????????????????????#####????# #??? | | ??????????????????????## ##???# #??? | | ????????????????????### #???## ##??? | | ???????????????????## #????### #???? | | ???????????????????# ##?????# #???? | | ?????????????####### ##????# #???? | | ?????????????? ######r#???? | | ??????????????????# ! d u #???? | | ???????????????????# @ d #???? | | ???????????????????# ########???? | | ???????????????????# #??????????? | | ???????????????????## ##??????????? | | ????????????????????# ##???????????? | | | | | | | | | | | | | | | | | | | | | | | | | | | | | | | | | | | | | | | | | +----------------------------------------------------+ Best States ------------- Heat Dissipation 25 Energy Generation 14 Energy Capacity 265 Matter Stores 300 Matter Capacity 300 Sight Range 16 Terrain Scan Range 16 Terrain Scan Density 10 Armor Coverage 150 Core Shielding 20 Evasion (%) 50 Recoil Reduction 2 Item Schematics ----------------- None Robot Schematics ------------------ None Fabricated ------------ Nothing Repaired ---------- Nothing Studied --------- None Alien Tech Used ----------------- None Achievements -------------- A Problem For Future Me Challenges ------------ None Game ------ Seed TacticalLongswordWeb Manual? 0 Play Time 00:31:08 Cumulative 28.7 hours Start 2026.03.15 @ 09:27:44 End 2026.03.15 @ 09:57:26 Sessions 1 Manual Loads 0 Difficulty Rogue Special Mode None Game No. 29 Rogue 29 Adventurer 0 Explorer 0 Win Type - Total 0 Types 0/0/0/0/0/0/0/0/0/0 Lore% 19 Gallery% 17 Achievement% 13 Wizard Run 0 Options --------- Layout 1 ASCII 0 Keyboard 0 Movement Mouse Keybinds 0 Fullscreen 1 Font 24/Smallcaps Map View 50x35 Zoom Use 0% Tactical HUD 1 Map Filters NONE Filters NONE Steam 1 RUN: 19750401-a9d5-4b90-96ef-d641a6ddaf01